 Dungeon Crawl Stone Soup version 0.23.2-1-ga50397a (webtiles) character file.

Game seed: 18149540092311670878

116 teukkam the Chopper (level 4, -8/60 HPs)
             Began as a Minotaur Berserker on Apr 16, 2019.
             Was a Believer of Wu Jian.
             Mangled by an orc warrior
             ... wielding a +0 dire flail
              (20 damage)
             ... on level 3 of the Dungeon.
             The game lasted 00:08:28 (2617 turns).

teukkam the Chopper (Minotaur Berserker)            Turns: 2617, Time: 00:08:28

Health: -8/60      AC:  5    Str: 28    XL:     4   Next: 69%
Magic:  3/3        EV: 12    Int:  4    God:    Wu Jian [**....]
Gold:   96         SH:  0    Dex:  9    Spells: 3/3 levels left

rFire    . . .     SeeInvis .   a - +0 hand axe
rCold    . . .     Gourm    .   (no shield)
rNeg     . . .     Faith    .   n - +0 ring mail
rPois    .         Spirit   .   (helmet restricted)
rElec    .         Reflect  .   (no cloak)
rCorr    .         Harm     .   (no gloves)
MR       .....                  (no boots)
Stlth    ..........             (no amulet)
HPRegen  0.20/turn              (no ring)
MPRegen  0.08/turn              (no ring)

@: berserking, very quick
A: retaliatory headbutt, horns 2
a: Wall Jump, Renounce Religion


You were on level 3 of the Dungeon.
You worshipped Wu Jian.
Wu Jian was pleased with you.
You were not hungry.

You visited 1 branch of the dungeon, and saw 3 of its levels.

You collected 96 gold pieces.

Inventory:

Hand Weapons
 a - a +0 hand axe (weapon)
 e - a +2 dagger of draining
 m - a +0 short sword
Missiles
 g - 10 poisoned needles
 h - 20 sling bullets
 j - 7 tomahawks (quivered)
Armour
 n - a +0 ring mail (worn)
Scrolls
 b - a scroll of remove curse
 d - 2 scrolls of identify
Potions
 k - a potion of invisibility {unknown}
 l - 2 potions of lignification {unknown}
Comestibles
 c - a ration


   Skills:
 - Level 4.1 Fighting
 + Level 3.2 Short Blades
 - Level 4.1 Axes
 - Level 3.0 Armour
 - Level 2.7 Dodging


You had 3 spell levels left.
You didn't know any spells.
Your spell library was empty.

Dungeon Overview and Level Annotations

Branches:
Dungeon (3/15)

Altars:
Ashenzari
Cheibriados
Wu Jian
Zin


Innate Abilities, Weirdness & Mutations

You reflexively headbutt those who attack you in melee.
You have a pair of horns on your head.


Message History

The orc warrior closely misses you.
You barely miss the orc warrior. Your headbutt misses the orc warrior.
The orc warrior is heavily wounded.
The orc warrior hits you with a +0 dire flail!
* * * LOW HITPOINT WARNING * * *
You barely miss the orc warrior.
You headbutt the orc warrior, but do no damage.
The orc warrior is heavily wounded.
The orc warrior barely misses you.
You hit the orc warrior.
The orc warrior is severely wounded.
The orc warrior hits you with a +0 dire flail.
* * * LOW HITPOINT WARNING * * *
A red film seems to cover your vision as you go berserk!
You feel yourself moving faster!
You feel mighty!
You hit the orc warrior but do no damage.
Your headbutt misses the orc warrior.
The orc warrior is severely wounded.
The orc warrior hits you with a +0 dire flail!!
You die...

..# #.........
.....
#.####.........
....#
#.##....######.
###.# #.##.##.#
. # #.##.##.# ##
# #.##.##.#
##.##.##.#
#...#.##o#
######.#.w.o.@#
##...(......####
#.).#########
....#.# #.. >.#
#. #### .


You could see an orc warrior, a worm and an orc.

Vanquished Creatures
  An orc wizard (D:3)
  An ooze (D:1)
  A worm (D:2)
  2 dart slugs
  A leopard gecko (D:1)
  5 orcs (D:3)
  7 bats
  A giant cockroach (D:2)
  13 hobgoblins
  2 jackals (D:1)
  5 kobolds
  A quokka (D:2)
  4 frilled lizards
  12 goblins
  5 rats
61 creatures vanquished.

Notes
Turn   | Place    | Note
-------+----------+-------------------------------------------
     0 | D:1      | teukkam the Minotaur Berserker began the quest for the Orb.
     0 | D:1      | Reached XP level 1. HP: 19/19 MP: 0/0
   119 | D:1      | Reached XP level 2. HP: 19/27 MP: 1/1
   238 | D:1      | You fall through a shaft!
   239 | D:2      | Found a faded altar of an unknown god.
   257 | D:2      | Fell from the grace of Trog
   257 | D:2      | Became a worshipper of the Wu Jian Council
   257 | D:2      | Reached * piety under Wu Jian
   537 | D:1      | Reached XP level 3. HP: 33/33 MP: 2/2
   724 | D:2      | Found a snail-covered altar of Cheibriados.
  1492 | D:2      | Reached ** piety under Wu Jian
  1555 | D:2      | Reached skill level 1 in Short Blades
  1565 | D:2      | Found a glowing silver altar of Zin.
  1679 | D:2      | Reached XP level 4. HP: 28/40 MP: 3/3
  2456 | D:3      | Found a shattered altar of Ashenzari.
  2592 | D:3      | Noticed an orc warrior
  2617 | D:3      | Mangled by an orc warrior

Skill      XL: |  1  2  3  4 |
---------------+-------------+-----
Axes           | 4 |  4.1
Fighting       | 4 |  4.1
Armour         | 3 |  3.0
Short Blades   | 2 3 |  3.2
Dodging        | |  2.7

Action                   |  1- 3 |  4- 6 || total
-------------------------+-------+-------++-------
Melee: Hand axe          |    84 |    38 ||   122
       Headbutt          |    13 |     7 ||    20
       Short sword       |    17 |       ||    17
Throw: Tomahawk          |       |     1 ||     1
Invok: Lunge             |     4 |     4 ||     8
       Whirlwind         |    11 |     1 ||    12
  Use: Scroll            |     4 |       ||     4
       Potion            |     1 |     2 ||     3
 Stab: Sleeping          |     3 |       ||     3
  Eat: Ration            |     1 |     1 ||     2
       Chunk             |       |     1 ||     1
Armor: Animal skin       |    19 |     1 ||    20
Dodge: Dodged            |    56 |    19 ||    75
